 Dungeon Crawl Stone Soup version 0.22.1-2-g9c5b331 (webtiles) character file.

503 MalarOregon the Chiller (level 7, -1/51 HPs)
             Began as a Merfolk Ice Elementalist on Dec 1, 2018.
             Killed by miscasting Throw Icicle (34 damage)
             ... on level 4 of the Dungeon.
             The game lasted 00:15:29 (6800 turns).

MalarOregon the Chiller (Merfolk Ice Elementalist)  Turns: 6800, Time: 00:15:30

Health: -1/51      AC:  2    Str:  9    XL:     7   Next: 17%
Magic:  3/11       EV: 14    Int: 16    God:
Gold:   356        SH:  0    Dex: 14    Spells: 1/12 levels left

rFire    . . .     SeeInvis .   k - +0 spear
rCold    . . .     Gourm    .   (no shield)
rNeg     . . .     Faith    .   a - +0 robe
rPois    .         Spirit   .   (no helmet)
rElec    .         Reflect  .   (no cloak)
rCorr    .         Harm     .   (no gloves)
MR       .....                  (no boots)
Stlth    ++........             (no amulet)
HPRegen  0.17/turn              (no ring)
MPRegen  0.12/turn              (no ring)

@: very slightly contaminated
A: change form in water, swift swim, stealthy swim
a: no special abilities


You were on level 4 of the Dungeon.
You were very hungry.

You visited 1 branch of the dungeon, and saw 5 of its levels.

You collected 356 gold pieces.

Inventory:

Hand Weapons
 k - a +0 spear (weapon)
   (You found it on level 1 of the Dungeon)
Armour
 a - a +0 robe (worn)
 f - a cursed -1 robe
   (You found it on level 1 of the Dungeon)
 g - a +0 helmet of intelligence
   (You took it off Robin on level 2 of the Dungeon)
 h - a +0 large shield
   (You found it on level 2 of the Dungeon)
 i - a +0 buckler
   (You found it on level 1 of the Dungeon)
 j - a +2 leather armour of fire resistance
   (You found it on level 2 of the Dungeon)
 n - a +1 animal skin
   (You took it off Robin on level 2 of the Dungeon)
Wands
 d - a wand of iceblast (11)
   (You found it on level 3 of the Dungeon)
Scrolls
 b - 2 scrolls of remove curse {unknown}
 l - 3 scrolls of teleportation {@r4}
 q - a scroll of enchant weapon {unknown}
 r - a scroll of immolation {!r}
 s - a scroll of fear
 t - a scroll of enchant armour {unknown}
 w - 2 scrolls of identify {@r1}
 x - a scroll of magic mapping
Potions
 c - a potion of cancellation
 m - a potion of flight {unknown}
 o - a potion of degeneration {unknown}
 p - a potion of curing {unknown}
 u - a potion of haste {unknown}
 v - a potion of agility {unknown}
 z - a potion of heal wounds {unknown}
Comestibles
 e - 6 rations {!d}


   Skills:
 + Level 2.3 Fighting
 * Level 4.2 Polearms
 + Level 4.2 Dodging
 - Level 2.1 Stealth
 * Level 3.1 Shields
 + Level 3.0 Spellcasting
 + Level 1.9 Conjurations
 + Level 0.0 Summonings
 + Level 4.3 Ice Magic


You had one spell level left.
You knew the following spells:

 Your Spells              Type           Power        Failure   Level  Hunger
a - Freeze                Ice            ###.         3%          1    #......
c - Throw Icicle          Conj/Ice       ##......     45%         4    #####..
d - Summon Ice Beast      Ice/Summ       #.......     58%         4    #####..
x - Throw Frost           Conj/Ice       ##....       8%          2    ##.....

Your spell library contained the following spells:

 Spells                   Type           Power        Failure   Level  Hunger
 Ozocubu's Armour         Chrm/Ice       #.......     24%         3    ###....


Dungeon Overview and Level Annotations

Branches:
Dungeon (5/15)
 Temple: D:4-7

Altars:
Elyvilon
Okawaru

Annotations:
D:4 Phantom
D:5 Duvessa


Message History

Level annotation: Duvessa
There is a stone staircase leading up here.
You climb upwards.
Level annotation: Phantom
There is a stone staircase leading down here.
There is a stone staircase leading up, spattered with blood here.
The phantom is too close now for your liking.
You hit the phantom but do no damage. The phantom closely misses you.
You hit the phantom. The phantom hits you.
You closely miss the phantom.
The phantom blinks!
No target in view!
No target in view!
Items here: )) [[ a club; a robe; a dagger; a chain mail The phantom blinks!
Attack whom?
Aim: a phantom (lightly damaged)
You reach to attack!
You hit the phantom but do no damage. You hit the phantom.
The phantom closely misses you.
You barely miss the phantom. The phantom closely misses you.
You closely miss the phantom. You hit the phantom. The phantom misses you.
You hit the phantom. The phantom barely misses you.
You closely miss the phantom. The phantom barely misses you.
You hit the phantom. The phantom hits you!
You closely miss the phantom. The phantom hits you.
You hit the phantom but do no damage. The phantom hits you.
The phantom blinks!
You hit the phantom. The phantom barely misses you.
You barely miss the phantom. You closely miss the phantom.
The phantom blinks!
Attack whom?
Aim: a phantom (moderately damaged)
You reach to attack!
You hit the phantom but do no damage. You hit the phantom.
The phantom hits you but does no damage.
You barely miss the phantom. The phantom barely misses you.
You hit the phantom but do no damage. The phantom barely misses you.
You hit the phantom.
The phantom hits you but does no damage.
You hit the phantom but do no damage. The phantom hits you.
Aim: a phantom (heavily damaged)
The shard of ice hits the phantom.
The phantom partially resists.
The phantom hits you.
Aim: a phantom (heavily damaged)
You miscast Throw Icicle.
You are very lightly contaminated with residual magic.
There is a sudden explosion of magical energy!
The explosion engulfs you!
Ouch! That really hurt!
You die...

#..# #.....# #......#
##>########...##
####.###
#)##..........# #.#
#.##.##.##....######.#
#.##.##............#.#
#....................#
####.##.........##.###
### #.##.......####.#
#.. #######
#.....@W..#####.# #.#
..>...#
#######.........#####.#
#####.#
#)######......#.# #.#
#.# #.####.#.# #.#
##.## #......... #.#
#...# #.##.#...#
###.### #...#
#.##....## ###...#.##
#...# #......##
....#....#
#####...#####.##....##


You could see a phantom.

Vanquished Creatures
  A scorpion (D:3)
  2 orc wizards
  3 orc priests (D:3)
  A hound (D:4)
  Terence (D:2)
  An iguana (D:4)
  A worker ant (D:4)
  Robin (D:2)
  6 adders
  A howler monkey skeleton (D:4)
  An ooze (D:3)
  An adder skeleton (D:4)
  A worm (D:3)
  5 dart slugs
  2 leopard geckos (D:1)
  13 orcs
  3 giant cockroaches
  19 goblins
  14 hobgoblins
  4 jackals (D:3)
  5 kobolds
  2 quokkas
  4 bats
  5 frilled lizards
  7 rats
104 creatures vanquished.

Notes
Turn   | Place    | Note
-------+----------+-------------------------------------------
     0 | D:1      | MalarOregon the Merfolk Ice Elementalist began the quest
                  | for the Orb.
     0 | D:1      | Reached XP level 1. HP: 13/13 MP: 3/3
   469 | D:1      | Reached XP level 2. HP: 20/20 MP: 0/5
   590 | D:1      | Learned a level 2 spell: Throw Frost
   762 | D:1      | Reached skill level 1 in Fighting
  1011 | D:1      | Reached XP level 3. HP: 26/26 MP: 3/6
  1192 | D:2      | Reached skill level 1 in Conjurations
  1422 | D:2      | Noticed Terence
  2030 | D:2      | Reached skill level 1 in Shields
  2052 | D:2      | Reached skill level 1 in Polearms
  2052 | D:2      | Reached XP level 4. HP: 29/32 MP: 0/7
  2225 | D:2      | Noticed Robin
  2641 | D:2      | Killed Robin
  3287 | D:2      | Killed Terence
  3287 | D:2      | Reached XP level 5. HP: 34/37 MP: 4/8
  3719 | D:3      | Found a white marble altar of Elyvilon.
  3800 | D:3      | Found an iron altar of Okawaru.
  4124 | D:3      | Reached XP level 6. HP: 28/44 MP: 0/10
  4485 | D:3      | Learned a level 4 spell: Throw Icicle
  5547 | D:4      | Noticed a phantom
  5608 | D:4      | Reached XP level 7. HP: 50/50 MP: 3/11
  5973 | D:4      | Learned a level 4 spell: Summon Ice Beast
  6395 | D:5      | Entered Level 5 of the Dungeon
  6395 | D:5      | Noticed Duvessa
  6800 | D:4      | Killed by miscasting Throw Icicle

Skill      XL: |  1  2  3  4  5  6  7 |
---------------+----------------------+-----
Dodging        | 3 4 |  4.2
Fighting       | 1 2 |  2.3
Conjurations   | 1 |  1.9
Shields        | 1 2 3 |  3.1
Polearms       | 1 2 4 |  4.2
Ice Magic      | 4 |  4.3
Spellcasting   | 3 |  3.0
Stealth        | |  2.1

Action                   |  1- 3 |  4- 6 |  7- 9 || total
-------------------------+-------+-------+-------++-------
Melee: Dagger            |    20 |       |       ||    20
       Spear             |    19 |   167 |    73 ||   259
       Tailslap          |       |     3 |       ||     3
 Cast: Freeze            |    31 |    60 |     7 ||    98
       Throw Frost       |    21 |    14 |     4 ||    39
       Throw Icicle      |       |       |     4 ||     4
  Use: Scroll            |     2 |     4 |       ||     6
 Stab: Sleeping          |     4 |     9 |     1 ||    14
  Eat: Chunk             |     5 |    13 |     4 ||    22
Armor: Robe              |     5 |     8 |     3 ||    16
Dodge: Dodged            |    37 |    85 |    29 ||   151
